 Dungeon Crawl Stone Soup version 0.22.0-75-g3901e7991e (webtiles) character file.

154 Loge the Poker (level 5, -1/39 HPs)
             Began as a Merfolk Skald on Sept 11, 2018.
             Was an Initiate of Okawaru.
             Slain by a jackal (2 damage)
             ... on level 3 of the Dungeon.
             The game lasted 00:20:23 (3234 turns).

Loge the Poker (Merfolk Skald)                      Turns: 3234, Time: 00:20:24

Health: -1/39      AC:  3    Str: 11    XL:     5   Next: 36%
Magic:  5/8        EV: 12    Int: 14    God:    Okawaru [......]
Gold:   66         SH:  0    Dex: 13    Spells: 2/8 levels left

rFire    . . .     SeeInvis .   o - +0 halberd
rCold    . . .     Gourm    .   (shield currently unavailable)
rNeg     . . .     Faith    .   b - +0 leather armour
rPois    .         Spirit   .   (no helmet)
rElec    .         Reflect  .   (no cloak)
rCorr    .         Harm     .   (no gloves)
MR       .....                  (no boots)
Stlth    +.........             (no amulet)
HPRegen  0.13/turn              (no ring)
MPRegen  0.11/turn              (no ring)

@: no status effects
A: change form in water, swift swim, stealthy swim
a: Renounce Religion


You were on level 3 of the Dungeon.
You worshipped Okawaru.
Okawaru was noncommittal.
You were hungry.

You visited 1 branch of the dungeon, and saw 3 of its levels.

You collected 66 gold pieces.

Inventory:

Hand Weapons
 a - a +0 spear
 n - a +0 blowgun
 o - a +0 halberd (weapon)
Missiles
 l - 17 stones (quivered)
 p - 14 poisoned needles
Armour
 b - a +0 leather armour (worn)
Jewellery
 g - a cursed ring of attention {unknown}
Scrolls
 c - a scroll of blinking {unknown}
 e - 2 scrolls of amnesia {unknown}
 h - a scroll of teleportation {unknown}
 m - 2 scrolls of identify {unknown}
Potions
 f - 2 potions of haste {unknown}
 j - a potion of curing {unknown}
 k - a potion of heal wounds {unknown}
Comestibles
 d - 4 rations


   Skills:
 - Level 2.7 Fighting
 + Level 6.1 Polearms
 - Level 0.6 Armour
 - Level 2.6 Dodging
 - Level 2.0 Spellcasting
 + Level 4.6 Charms


You had 2 spell levels left.
You knew the following spells:

 Your Spells              Type           Power        Failure   Level  Hunger
a - Infusion              Chrm           ##..         4%          1    ##.....
b - Shroud of Golubria    Chrm/Tloc      #.........   19%         2    ###....
c - Spectral Weapon       Hex/Chrm       #.......     34%         3    ####...

Your spell library contained the following spells:

 Spells                   Type           Power        Failure   Level  Hunger
 Song of Slaying          Chrm           ##......     7%          2    ###....
 Regeneration             Chrm/Necr      #.........   34%         3    ####...


Dungeon Overview and Level Annotations

Branches:
Dungeon (3/15)

Altars:
Okawaru


Message History

The jackal barks!
The orc hits you with a hand axe.
* * * LOW HITPOINT WARNING * * *
A jackal comes into view.
The orc misses you.
You hit the orc.
The orc is severely wounded.
The orc hits you with a hand axe.
* * * LOW HITPOINT WARNING * * *
You barely miss the orc.
The orc is severely wounded.
The orc hits you with a hand axe.
* * * LOW HITPOINT WARNING * * *
You puncture the orc!
You kill the orc!
Okawaru accepts your kill.
The jackal bites you but does no damage.
A jackal comes into view.
The jackal bites you.
You die...

........
..o.....
....o... #
.......#.#
.....#.#
.!...
...#####)##
.....hh@).##
h#.######(.#
#.....(.##
#........#
#......)<#
........#.#
##......#.#
........#..
##......##.#


You could see 3 jackals.

Vanquished Creatures
  An orc priest (D:3)
  4 gnolls
  2 adders
  An ooze (D:2)
  A worm (D:2)
  A dart slug (D:1)
  2 leopard geckos
  4 orcs (D:3)
  3 giant cockroaches
  9 goblins
  2 hobgoblins (D:1)
  4 jackals (D:1)
  5 kobolds
  A ball python (D:1)
  6 bats
  5 frilled lizards (D:1)
  2 rats (D:2)
53 creatures vanquished.

Notes
Turn   | Place    | Note
-------+----------+-------------------------------------------
     0 | D:1      | Loge the Merfolk Skald began the quest for the Orb.
     0 | D:1      | Reached XP level 1. HP: 16/16 MP: 3/3
   156 | D:1      | Reached XP level 2. HP: 23/23 MP: 1/5
   416 | D:1      | Learned a level 2 spell: Shroud of Golubria
   436 | D:1      | Reached skill level 4 in Polearms
   627 | D:1      | Reached XP level 3. HP: 28/28 MP: 6/6
  1675 | D:2      | Found a faded altar of an unknown god.
  1697 | D:2      | Reached skill level 5 in Polearms
  1697 | D:2      | Reached XP level 4. HP: 20/34 MP: 0/7
  1939 | D:2      | Learned a level 3 spell: Spectral Weapon
  2153 | D:2      | Found an iron altar of Okawaru.
  2165 | D:2      | Became a worshipper of Warmaster Okawaru
  3212 | D:3      | Reached XP level 5. HP: 36/39 MP: 3/8
  3230 | D:3      | Reached skill level 6 in Polearms
  3233 | D:3      | HP: 1/39 [orc/hand axe (5)]
  3234 | D:3      | Slain by a jackal

Skill      XL: |  1  2  3  4  5 |
---------------+----------------+-----
Polearms       | 4 5 6 |  6.1
Charms         | 4 |  4.6
Fighting       | |  2.7
Armour         | |  0.6
Dodging        | |  2.6
Spellcasting   | |  2.0

Action                   |  1- 3 |  4- 6 || total
-------------------------+-------+-------++-------
Melee: Spear             |   105 |     5 ||   110
       Halberd           |       |    70 ||    70
 Cast: Infusion          |    14 |     6 ||    20
       Shroud of Golubri |     3 |     2 ||     5
  Eat: Chunk             |     1 |     3 ||     4
       Ration            |     1 |       ||     1
Armor: Leather armour    |    19 |    20 ||    39
Dodge: Dodged            |    56 |    55 ||   111
